AoeStats
← NF I Odysseo

Arena

510806110Analyzed
1v1 RM · 12h ago on Oct 2, 2026· 18m 6s· 2 players
Game mode
Random Map
Map size
Tiny (2 player)
Population
200
Speed
Normal
Resources
Standard
Victory
Conquest
Starting age
Dark Age
Ending age
Imperial Age
RankedLock teamsTeams togetherTeam positionsShared explorationLock speedFull tech treeHidden civsTurbo modeCheats
Victory
Defeat
🇲🇽 Magyars · Mexico
810
+16
🇩🇪 Mongols · Germany
816
-42
NF I Odysseo
11:08 Feudal Age
12:00 Double-Bit Axe
15:53 Castle Age
15:20 Loom
ArtizSavage
12:45 Feudal Age
14:37 Wheelbarrow
13:45 Horse Collar
13:52 Double-Bit Axe
14:00 Gold Mining
14:05 Stone Mining
14:05 Gold Mining
Connection lost

Rejoining the realm…

Still unreachable

The connection could not be restored.

Session expired

The server has moved on; the page needs a fresh start.